 Dungeon Crawl Stone Soup version 0.26-a0-611-g354ed81502 (webtiles) character file.

Game seed: 11016259774218990806

45921 MrRokkomies the Thrower (level 14, 0/99 HPs)
             Began as an Octopode Brigand on Sept 7, 2020.
             Was the Champion of Dithmenos.
             Slain by a death yak (19 damage)
             ... led by a torpor snail
             ... on level 5 of the Lair of Beasts.
             The game lasted 01:08:14 (20706 turns).

MrRokkomies the Thrower (Octopode Brigand)         Turns: 20706, Time: 01:08:15

Health: 0/99       AC:  9    Str: 18    XL:     14   Next: 35%
Magic:  12/14      EV: 21    Int: 17    God:    Dithmenos [******]
Gold:   1646       SH:  5    Dex: 15    Spells: 2/13 levels left

rFire    . . .     SeeInvis +   a - +4 rapier of Tuasegir {drain, +Rage Stlth+}
rCold    + . .     Faith    .   G - +0 buckler
rNeg     . . .     Spirit   .   (helmet restricted)
rPois    .         Reflect  .   m - amulet of Rieram {Acrobat Dex+4 Slay+2}
rElec    .         Harm     .   f - ring of see invisible
rCorr    .                      r - +4 ring of protection
MR       +....                  t - +6 ring of strength
Stlth    ++++++++++             U - ring of protection from cold
HPRegen  0.26/turn              (no ring)
MPRegen  0.14/turn              (no ring)
                                (no ring)
                                (no ring)

@: wreathed by umbra, studying Throwing
A: almost no armour, stealthy swim, amphibious, 8 rings, constrict 8, tentacle
spike 1, molten scales 1, slimy green scales 1, camouflage 1, clumsy 1,
gelatinous body 1
a: Shadow Step, Shadow Form, Renounce Religion, Evoke Berserk Rage


You were on level 5 of the Lair of Beasts.
You worshipped Dithmenos.
Dithmenos was exalted by your worship.
You visited 2 branches of the dungeon, and saw 17 of its levels.
You also visited: Gauntlet and Volcano.

You collected 1646 gold pieces.

Inventory:

Hand Weapons
 a - the +4 rapier of Tuasegir (weapon) {drain, +Rage Stlth+}
   (You acquired it on level 4 of the Lair of Beasts)

   A truly terrible weapon, it drains the life of those it strikes.
   It lets you go berserk.
   It makes you more stealthy.
Missiles
 b - 91 poisoned darts
 c - 12 curare-tipped darts
 g - 3 silver boomerangs
 j - 9 boomerangs (quivered)
 I - 17 atropa-tipped darts
 O - 17 javelins
 Y - 2 throwing nets
Armour
 G - a +0 buckler (worn)
Jewellery
 f - a ring of see invisible (left tentacle)
 m - the amulet of Rieram (around mantle) {Acrobat Dex+4 Slay+2}
   (You found it in a Gauntlet)

   [amulet of the acrobat]

   It helps you evade while moving and waiting.
   It affects your dexterity (+4).
   It affects your accuracy and damage with ranged weapons and melee attacks
   (+2).
 r - a +4 ring of protection (right tentacle)
 t - a +6 ring of strength (on tentacle)
 P - an uncursed ring of fire
 U - a ring of protection from cold (on tentacle)
Wands
 p - a wand of acid (1)
 B - a wand of disintegration (29)
 D - a wand of enslavement (15)
 J - a wand of paralysis (19)
 Q - a wand of iceblast (22)
 V - a wand of flame (28)
Scrolls
 i - 8 scrolls of identify
 l - 3 scrolls of immolation
 o - 5 scrolls of magic mapping
 q - 2 scrolls of amnesia
 u - 4 scrolls of teleportation
 A - a scroll of brand weapon
 E - 6 scrolls of remove curse
 F - 5 scrolls of enchant armour
 L - 2 scrolls of enchant weapon
Potions
 d - 3 potions of haste
 e - 4 potions of brilliance
 k - 5 potions of might
 s - a potion of lignification
 x - 5 potions of curing
 C - 2 potions of stabbing
 H - 6 potions of berserk rage
 M - 2 potions of invisibility
 W - a potion of flight
 X - a potion of magic
Books
 T - a manual of Throwing
Miscellaneous
 z - a phantom mirror
 R - a lightning rod (4/4)
 S - a box of beasts (3/3)
 Z - a condenser vane (1/2)


   Skills:
 - Level 10.0 Fighting
 - Level 10.3 Short Blades
 + Level 11.2 Throwing
 * Level 10.9 Dodging
 - Level 10.0 Stealth
 - Level 4.0 Shields
 - Level 10.0 Summonings
 * Level 4.8 Ice Magic
 - Level 5.0 Air Magic
 + Level 3.6 Evocations


You had 2 spell levels left.
You knew the following spells:

 Your Spells              Type           Power        Failure   Level
a - Call Canine Familiar  Summ           ####....     1%          3
b - Summon Lightning Spi  Summ/Air       ####....     11%         4
c - Summon Ice Beast      Ice/Summ       ####....     11%         4

Your spell library contained the following spells:

 Spells                   Type           Power        Failure   Level
 Summon Small Mammal      Summ           ####         1%          1
 Call Imp                 Summ           ####....     1%          2
 Foxfire                  Conj/Fire      #...         24%         1
 Summon Guardian Golem    Hex/Summ       ###.....     9%          3
 Conjure Flame            Conj/Fire      #.......     56%         3
 Inner Flame              Hex/Fire       #.......     56%         3
 Sticky Flame             Conj/Fire      #.......     93%         4
 Fireball                 Conj/Fire      #.........   100%        5


Dungeon Overview and Level Annotations

Branches:
Dungeon (11/15)            Temple (0/1) D:5            Lair (6/6) D:11
 Shoals (0/4) Lair:2       Spider (0/4) Lair:4        Slime (0/5) Lair:6
    Orc (0/2) D:11        Volcano (visited)         Gauntlet (visited)

Altars:
Cheibriados
Dithmenos
Elyvilon
Fedhas
Makhleb
Nemelex Xobeh
Trog
Vehumet
Wu Jian
Xom
Jiyva

Portals:
Abyss: Lair:2

Annotations:
D:6 3 runed translucent doors, Ananasrisotto's ghost, weakling SpDe
D:9 Grum
D:10 2 transporters, PirateVox's ghost, journeyman GnCj
Lair:2 2 transporters, Ananasrisotto's ghost, journeyman TrHu


Innate Abilities, Weirdness & Mutations

You cannot wear most types of armour.
You are very stealthy in the water. (Stealth+)
You are amphibious.
You can wear up to eight rings at the same time.
You can use your tentacles to constrict eight enemies at once.
Your skin changes colour to match your surroundings (Stealth+).
Your rubbery body absorbs attacks. (AC +1, EV +1)
One of your tentacles bears a spike.
You are partially covered in molten scales. (AC +2)
You are partially covered in slimy green scales. (AC +2)
You are clumsy. (Dex -2)


Message History

There is a stone staircase leading down here.
Unknown command.
Okay, then.
Unknown command.
Unknown command.
Evoke which item? (* to show all) (? for menu, Esc to quit)
Aiming: Paralyse
Press: ? - help, Shift-Dir - straight line, f - death yak
Aim: a death yak (heavily wounded, lightly drained, umbra, chance to defeat MR: 6%)
Okay, then.
Unknown command.
Unknown command.
As you read the scroll of fear, it crumbles to dust.
You assume a fearsome visage.
The death yak looks frightened!
You start resting.
A death yak is nearby!
As you read the scroll of fear, it crumbles to dust.
You assume a fearsome visage.
The death yak easily resists.
The death yak gores you!!
You die...

...#..#.......P## ##(.#....P...##
.....###.......P# #...Y..#.......
.....# #.P..P#.####............#.
.....####........#.........?#.##.
..#...#.#...#......>........##.#.
.###..........P.............##...
..###.........#............##)..(
### ####....#..Y##.#........#....
# ####.....@#............... ##
##...#.#P.##....P.#<... .##
##...##..........#.7P7 ..#
#.#........P.....##... ..#
###.....#.##.#.....P.. ..###
##.(...#..........P. ....###
#.#..##........77.(. ......##
#.#...#....P.....P.. ##..(..##
###...#....#.....P..


You could see a death yak (drained).

Vanquished Creatures
  Nessos (Lair:6)
  A minotaur (Gauntlet)
  6 hydras
  Harold (D:9)
  2 two-headed ogres
  A centaur warrior (D:11)
  7 death yaks
  Nergalle (D:11)
  Sonja (D:11)
  A wizard (Gauntlet)
  2 manticores
  A moth of wrath (shapeshifter) (Gauntlet)
  Maurice (D:8)
  4 black mambas
  An efreet (D:11)
  A gargoyle (Volcano)
  11 cane toads
  5 komodo dragons
  3 trolls
  A tyrant leech (Lair:6)
  A hornet (D:11)
  2 polar bears
  13 blink frogs
  6 hippogriffs
  7 dream sheep (Lair:5)
  6 small abominations (Gauntlet)
  3 wyverns
  14 yaks
  Eustachio (D:5)
  2 large abominations (Gauntlet)
  2 basilisks
  2 fire elementals (Volcano)
  Menkaure (D:7)
  An acid dragon (D:11)
  3 swamp worms (Lair:6)
  16 water moccasins
  2 hell hounds (Lair:1)
  7 porcupines
  4 ice beasts
  7 ogres
  A black bear (D:7)
  A necrophage (D:10)
  2 orc warriors
  A sky beast (D:11)
  4 phantoms
  2 eyes of draining (D:11)
  11 centaurs
  5 wolves (Lair:2)
  14 crocodiles
  Blork the orc (D:5)
  2 wyvern zombies
  A water moccasin zombie (D:8)
  28 bullfrogs
  A gnoll sergeant (D:11)
  A scorpion (D:11)
  A killer bee (D:11)
  An electric eel (D:9)
  3 howler monkeys (D:10)
  16 wights
  3 bullfrog zombies
  A quasit (D:6)
  2 orc priests
  Crazy Yiuf (D:7)
  7 hounds
  5 jellies
  6 orc wizards
  2 bullfrog skeletons
  A centaur skeleton (D:6)
  8 worker ants
  2 iguanas (D:4)
  A hound zombie (D:5)
  A hound skeleton (D:8)
  11 gnolls
  A howler monkey skeleton (D:6)
  13 adders
  3 shadow imps
  6 white imps
  A howler monkey simulacrum (D:9)
  2 ufetubi (D:5)
  2 worms
  6 leopard geckos
  31 orcs
  7 bats
  2 giant cockroaches
  3 goblins
  4 hobgoblins
  18 jackals
  A quokka (D:5)
  2 ball pythons
  6 frilled lizards
  10 kobolds
  4 rats
421 creatures vanquished.

Vanquished Creatures (collateral kills)
  A death yak (Lair:4)
1 creature vanquished.

Vanquished Creatures (others)
  45 fungi
  49 plants
94 creatures vanquished.

Grand Total: 516 creatures vanquished

Notes
Turn   | Place    | Note
-------+----------+-------------------------------------------
     0 | D:1      | MrRokkomies the Octopode Brigand began the quest for the
                  | Orb.
     0 | D:1      | Reached XP level 1. HP: 14/14 MP: 1/1
   136 | D:1      | Reached XP level 2. HP: 15/19 MP: 2/2
  1162 | D:2      | Found a shadowy altar of Dithmenos.
  1177 | D:2      | Became a worshipper of Dithmenos the Shadowed
  1242 | D:2      | Reached XP level 3. HP: 17/24 MP: 3/3
  2256 | D:3      | Reached XP level 4. HP: 27/30 MP: 4/4
  2521 | D:3      | Reached * piety under Dithmenos
  2714 | D:3      | Found an ornate altar of the Wu Jian Council.
  3244 | D:4      | Reached XP level 5. HP: 35/35 MP: 5/5
  3249 | D:4      | Found a burning altar of Makhleb.
  3411 | D:4      | Reached skill level 3 in Throwing
  3411 | D:4      | Reached XP level 6. HP: 41/42 MP: 4/6
  3814 | D:4      | Noticed a phantom
  3836 | D:4      | Gained mutation: You are partially covered in molten
                  | scales. (AC +2) [potion of mutation]
  3836 | D:4      | Gained mutation: You are clumsy. (Dex -2) [potion of
                  | mutation]
  3836 | D:4      | Gained mutation: You are partially covered in slimy green
                  | scales. (AC +2) [potion of mutation]
  3836 | D:4      | Gained mutation: One of your tentacles bears a spike.
                  | [potion of mutation]
  3849 | D:5      | Entered Level 5 of the Dungeon
  4260 | D:4      | Killed a phantom
  4260 | D:4      | Reached XP level 7. HP: 42/46 MP: 7/7
  4745 | D:5      | Found a staircase to the Ecumenical Temple.
  4823 | D:5      | Noticed Eustachio
  4841 | D:5      | Killed Eustachio
  4841 | D:5      | Reached skill level 5 in Short Blades
  5097 | D:5      | Noticed Blork the orc
  5106 | D:5      | Killed Blork the orc
  5106 | D:5      | Reached skill level 5 in Dodging
  5106 | D:5      | Reached XP level 8. HP: 54/54 MP: 8/8
  5117 | D:5      | Reached skill level 4 in Throwing
  5397 | D:5      | Reached ** piety under Dithmenos
  6431 | D:6      | Found a runed translucent gate.
  6431 | D:6      | Found a runed translucent gate.
  6432 | D:6      | Found a runed translucent gate.
  6433 | D:6      | Noticed Ananasrisotto's ghost (weakling SpDe)
  6654 | D:6      | Reached XP level 9. HP: 60/60 MP: 9/9
  6797 | D:6      | Reached skill level 5 in Fighting
  6797 | D:6      | Reached skill level 5 in Throwing
  7079 | D:6      | Found a shimmering altar of Xom.
  7079 | D:6      | Found a bloodstained altar of Trog.
  7153 | D:6      | Reached skill level 7 in Throwing
  7153 | D:6      | Reached XP level 10. HP: 69/69 MP: 10/10
  7393 | D:7      | Found a snail-covered altar of Cheibriados.
  7397 | D:7      | Found a shadowy altar of Dithmenos.
  7439 | D:7      | Noticed Menkaure
  7446 | D:7      | Killed Menkaure
  7449 | D:7      | Found the +7 Kryia's mail coat {PotionHeal*2 rC+}
  7468 | D:7      | Found a white marble altar of Elyvilon.
  7493 | D:7      | Reached *** piety under Dithmenos
  7499 | D:7      | Reached skill level 10 in Short Blades
  7888 | D:7      | Found a runed translucent door.
  7889 | D:7      | Noticed Crazy Yiuf
  7896 | D:7      | Killed Crazy Yiuf
  8670 | D:8      | Noticed Maurice
  8705 | D:8      | Killed Maurice
  8705 | D:8      | Reached skill level 10 in Dodging
  8852 | D:8      | Found a bloodstained altar of Trog.
  8918 | D:8      | Noticed a two-headed ogre
  8962 | D:8      | Killed a two-headed ogre
  9019 | D:8      | Learned a level 3 spell: Call Canine Familiar
  9024 | D:8      | Learned a level 4 spell: Summon Lightning Spire
  9426 | D:9      | Noticed Grum
  9461 | D:9      | Noticed Harold
  9479 | D:9      | Killed Harold
  9479 | D:9      | Reached skill level 1 in Summonings
  9479 | D:9      | Reached XP level 11. HP: 52/75 MP: 6/11
  9655 | D:9      | Found a radiant altar of Vehumet.
  9990 | D:9      | Reached **** piety under Dithmenos
 10437 | D:10     | Entered Level 10 of the Dungeon
 10543 | D:10     | Found a transporter.
 10881 | D:10     | Found a transporter.
 10886 | D:10     | Noticed PirateVox's ghost (journeyman GnCj)
 10935 | D:10     | Noticed a two-headed ogre
 10944 | D:10     | Killed a two-headed ogre
 11059 | D:10     | Found a blossoming altar of Fedhas.
 11129 | D:10     | Reached skill level 8 in Throwing
 11422 | D:11     | Found a staircase to the Orcish Mines.
 11460 | D:11     | Noticed Sonja
 11462 | D:11     | Killed Sonja
 11758 | D:11     | Reached ***** piety under Dithmenos
 11793 | D:11     | Reached skill level 1 in Shields
 12073 | D:11     | Found a staircase to the Lair.
 12257 | D:11     | Noticed Nergalle
 12288 | D:11     | Reached skill level 5 in Summonings
 12381 | D:11     | Noticed a manticore
 12394 | D:11     | Killed a manticore
 12448 | D:11     | Noticed a centaur warrior
 12459 | D:11     | Killed a centaur warrior
 12459 | D:11     | Reached XP level 12. HP: 84/84 MP: 12/12
 12558 | D:11     | Killed Nergalle
 12646 | D:11     | Noticed a four-headed hydra
 12670 | D:11     | Killed a four-headed hydra
 12855 | Lair:1   | Entered Level 1 of the Lair of Beasts
 12886 | Lair:1   | Found a dark tunnel.
 12894 | Volcano  | Entered a volcano
 13642 | Lair:1   | Noticed an eight-headed hydra
 13679 | Lair:1   | Killed an eight-headed hydra
 13679 | Lair:1   | Reached skill level 9 in Throwing
 14255 | Lair:2   | Found a transporter.
 14299 | Lair:2   | Found a staircase to the Shoals.
 14300 | Lair:2   | Reached skill level 10 in Stealth
 14474 | Lair:2   | Found a transporter.
 14790 | Lair:2   | Noticed a hell hog
 14791 | Lair:2   | Found a one-way gate to the infinite horrors of the Abyss.
 14791 | Lair:2   | Noticed Ananasrisotto's ghost (journeyman TrHu)
 14816 | Lair:2   | Noticed a hell hog
 15281 | Lair:3   | Found a gate leading to a gauntlet.
 15300 | Gauntlet | Entered a Gauntlet
 15300 | Gauntlet | Found a transporter.
 15300 | Gauntlet | Found a transporter.
 15325 | Gauntlet | Found a transporter.
 15329 | Gauntlet | Found a transporter.
 15336 | Gauntlet | Found a transporter.
 15339 | Gauntlet | Found a transporter.
 15346 | Gauntlet | Noticed a hell hog
 15347 | Gauntlet | Found a transporter.
 15365 | Gauntlet | Found a transporter.
 15382 | Gauntlet | Found a transporter.
 15385 | Gauntlet | Found a transporter.
 15397 | Gauntlet | Found a transporter.
 15408 | Gauntlet | Found a transporter.
 15536 | Gauntlet | Reached XP level 13. HP: 65/90 MP: 9/13
 15787 | Gauntlet | Got a flickering copper amulet
 15814 | Gauntlet | Noticed a minotaur
 15827 | Gauntlet | Killed a minotaur
 16067 | Lair:3   | Identified the amulet of Rieram {Acrobat Dex+4 Slay+2} (You
                  | found it in a Gauntlet)
 16106 | Lair:3   | Found a bloodstained altar of Trog.
 16202 | Lair:3   | Reached skill level 1 in Air Magic
 17275 | Lair:4   | Reached skill level 10 in Throwing
 17401 | Lair:4   | Found a hole to the Spider Nest.
 17514 | Lair:4   | Identified a scroll of acquirement
 17514 | Lair:4   | Acquired the +4 rapier of Tuasegir {drain, +Rage Stlth+}
 17774 | Lair:5   | Reached skill level 10 in Fighting
 17783 | Lair:5   | Learned a level 4 spell: Summon Ice Beast
 17812 | Lair:5   | Acquired a manual of Throwing
 17891 | Lair:4   | Reached ****** piety under Dithmenos
 18211 | Lair:5   | Reached skill level 1 in Ice Magic
 18228 | Lair:5   | Reached skill level 1 in Evocations
 18332 | Lair:5   | Reached skill level 10 in Summonings
 18493 | Lair:5   | Reached skill level 5 in Air Magic
 19197 | Lair:4   | Reached XP level 14. HP: 59/99 MP: 10/14
 19681 | Lair:6   | Entered Level 6 of the Lair of Beasts
 19684 | Lair:6   | Noticed Nessos
 19687 | Lair:6   | Killed Nessos
 19950 | Lair:6   | Found a sparkling altar of Nemelex Xobeh.
 20160 | Lair:6   | Found a staircase to the Slime Pits.
 20210 | Lair:6   | Reached skill level 11 in Throwing
 20650 | Lair:6   | Found a viscous altar of Jiyva.
 20706 | Lair:5   | Slain by a death yak

Illustrated notes

Levels and vault maps discovered:
D:1:      lemuel_arrival_lava_pool, layout_basic
D:2:      layout_loops_corners, grunt_dithmenos_smoke_and_mirrors
D:3:      layout_basic, old_standard_altar
D:4:      layout_gridville, bloody_makhleb, hangedman_glass_teeth
D:5:      layout_loops_ring, minmay_temple_entry_offerings,
          roderic_roman_lattice, uniq_blork_the_orc, uniq_eustachio
D:6:      minmay_cornered_nines, layout_basic, gammafunk_temple_overflow_wave,
          gammafunk_ghost_necromancy, minmay_fractal_squares_gapless_5
D:7:      layout_rooms, grunt_temple_overflow_open, basic_altar, serial_rivers,
          chequers_serial_rivers_micro_c, chequers_serial_rivers_small_b,
          chequers_serial_rivers_micro_a, chequers_serial_rivers_micro_d,
          chequers_serial_rivers_small_3, uniq_crazy_yiuf_cottage, uniq_menkaure
D:8:      layout_cave_pods, kennysheep_flooded_box, grunt_decor_mini_mirrors,
          uniq_maurice
D:9:      layout_long_grid, kennysheep_little_box, serial_ice, serial_ice_l,
          serial_ice_d, serial_ice_n, serial_ice_e,
          nicolae_straight_to_the_point, uniq_harold, uniq_grum
D:10:     layout_basic, gammafunk_ghost_stat_death, basic_altar
D:11:     minmay_quarter_circles, layout_rooms, grunt_lair_entry_orc_guard_hut,
          uniq_nergalle, uniq_sonja
Lair:1:   layout_roguey, enter_volcano_3
Lair:2:   layout_cave_pods, minmay_shoals_entry_beasts,
          gammafunk_ghost_abyssal_escape, serial_bayou_shore_b
Lair:3:   layout_chaotic_city, gauntlet_entry_generic, basic_altar
Lair:4:   layout_hall_layers, dummy_spider_entry
Lair:5:   layout_misc_corridors, grunt_forest_large_clearing_hut
Lair:6:   evilmike_catoblepas_cave, layout_regular_city, slime_altar_1,
          basic_altar, chequers_serial_rivers_small_3, worms_lemuel, uniq_nessos

Skill      XL: |  1  2  3  4  5  6  7  8  9 10 11 12 13 14 |
---------------+-------------------------------------------+-----
Dodging        | 2 3 4 5 6 9 10 | 10.9
Short Blades   | 3 4 5 6 9 10 | 10.3
Fighting       | 3 4 6 7 8 9 10 | 10.0
Throwing       | 3 4 7 8 9 10 11 | 11.2
Summonings     | 1 5 8 10 | 10.0
Stealth        | 8 10 | 10.0
Shields        | 3 4 |  4.0
Air Magic      | 5 |  5.0
Ice Magic      | 3 4 |  4.8
Evocations     | 2 3 |  3.6

Action                   |  1- 3 |  4- 6 |  7- 9 | 10-12 | 13-15 || total
-------------------------+-------+-------+-------+-------+-------++-------
Melee: Dagger            |    63 |    81 |   220 |   792 |   158 ||  1314
       Constrict         |    12 |    14 |    22 |    72 |    33 ||   153
       Tentacles         |     7 |    10 |    33 |   142 |    88 ||   280
       Kick              |       |     7 |    51 |   215 |   129 ||   402
       Staff             |       |       |       |     4 |       ||     4
       Rapier            |       |       |       |       |   168 ||   168
Throw: Dart              |    10 |    18 |    41 |    50 |    16 ||   135
       Boomerang         |       |    20 |    25 |    77 |    64 ||   186
       Javelin           |       |       |       |       |     7 ||     7
       Throwing net      |       |       |       |       |     2 ||     2
 Cast: Summon Lightning  |       |       |       |       |     7 ||     7
       Summon Ice Beast  |       |       |       |       |     2 ||     2
       Call Canine Famil |       |       |       |       |     1 ||     1
Invok: Shadow Step       |       |       |       |     1 |     1 ||     2
Evoke: Wand              |       |       |       |    17 |       ||    17
       Condenser vane    |       |       |       |       |     1 ||     1
  Use: Scroll            |     4 |     2 |     6 |    11 |     8 ||    31
       Potion            |       |     3 |     2 |       |     5 ||    10
 Stab: Sleeping          |    13 |     7 |    20 |    48 |    33 ||   121
       Distracted        |       |       |       |     1 |     3 ||     4
       Held in net/web   |       |       |       |       |     3 ||     3
       Invisible         |       |       |       |       |     4 ||     4
Armor: Skin              |     8 |     5 |    26 |    77 |    13 ||   129
Dodge: Dodged            |    35 |    65 |   135 |   379 |   194 ||   808
Block: Buckler           |       |       |       |    40 |    58 ||    98

Table legend: (Time is in decaauts)
 A = Elapsed time spent in this place.
 B = Non-inter-level travel time spent in this place.
 C = Inter-level travel time spent in this place.
 D = Time resting spent in this place.
 E = Time spent auto-exploring this place.
 F = Levels seen in this place.
 G = Mean time per level.
                   A        B        C        D        E       F      G
               +--------+--------+--------+--------+--------+-----+--------+
         Total |  20052 |  19428 |    624 |   2617 |  13307 |  19 | 1055.4 |
       Dungeon |  12452 |  12093 |    359 |   1342 |   8747 |  11 | 1132.0 |
          Lair |   6708 |   6443 |    265 |   1058 |   4200 |   6 | 1118.0 |
       Volcano |    172 |    172 |      0 |      0 |     25 |   1 |  172.0 |
      Gauntlet |    718 |    718 |      0 |    217 |    335 |   1 |  718.0 |
               +--------+--------+--------+--------+--------+-----+--------+

Top non-repeatable levels by time:
     D:6: 1696 daAuts
  Lair:4: 1657 daAuts
  Lair:5: 1593 daAuts
     D:5: 1373 daAuts
    D:11: 1316 daAuts
     D:8: 1302 daAuts
     D:3: 1294 daAuts
  Lair:2: 1086 daAuts
     D:9: 995 daAuts
     D:2: 960 daAuts
     D:1: 921 daAuts
  Lair:3: 918 daAuts
    D:10: 916 daAuts
  Lair:1: 916 daAuts
     D:7: 839 daAuts
